 Dungeon Crawl Stone Soup version 0.29-a0-330-g52719c12eb (webtiles) character file.

Game seed: 3923435312351259090

350 tilp the Magician (level 6, 0/48 (51) HPs)
             Began as a Draconian Hedge Wizard on May 20, 2022.
             Slain by a scorpion (3 damage)
             ... on level 5 of the Dungeon.
             The game lasted 00:09:38 (3961 turns).

tilp the Magician (Draconian Hedge Wizard)          Turns: 3961, Time: 00:09:39

HP:   0/48 (51)     AC:  9    Str: 16    XL:     6   Next: 33%
MP:   7/10          EV: 12    Int: 16    God:
Gold: 163           SH:  3    Dex: 11    Spells: 7/11 levels left

rFire   . . .      SeeInvis .   a - +1 mace
rCold   . . .      Faith    .   h - +0 buckler
rNeg    . . .      Spirit   .   (body armour unavailable)
rPois   .          Reflect  .   i - +1 hat
rElec   .          Harm     .   k - +1 cloak
rCorr   .          Rampage  .   (no gloves)
Will    .....                   (no boots)
Stlth   ++........              (no amulet)
HPRegen 0.00/turn               d - ring of wizardry
MPRegen 0.12/turn               (no ring)

@: lethally poisoned (0 -> -9), flying, inhibited regen, drained
A: AC +6, unfitting armour, cold-blooded, inhibited regeneration, strong 2
a: no special abilities


You were on level 5 of the Dungeon.
You visited 1 branch of the dungeon, and saw 7 of its levels.

You collected 163 gold pieces.

Inventory:

Hand Weapons
 a - a +1 mace (weapon)
 b - a +0 spear
 q - a +0 dagger
Missiles
 g - 103 stones (quivered)
Armour
 h - a +0 buckler (worn)
 i - a +1 hat (worn)
 k - a +1 cloak (worn)
Jewellery
 d - a ring of wizardry (left hand)
Scrolls
 u - a scroll of identify
Potions
 c - a potion of magic
 m - 4 potions of might


   Skills:
 + Level 3.0 Fighting
 + Level 1.6 Throwing
 + Level 2.7 Dodging
 - Level 2.0 Stealth
 + Level 1.4 Shields
 - Level 3.0 Spellcasting
 - Level 3.0 Conjurations
 + Level 1.6 Hexes
 - Level 1.0 Summonings
 + Level 2.2 Translocations


You had 7 spell levels left.
You knew the following spells:

 Your Spells              Type           Power      Damage    Failure   Level
a - Magic Dart            Conj           48%        1d5       2%          1
b - Slow                  Hex            28%        N/A       4%          1
c - Blink                 Tloc           18%        N/A       6%          2

Your spell library contained the following spells:

 Spells                   Type           Power      Damage    Failure   Level
 Call Imp                 Summ           5%         N/A       10%         2
 Lesser Beckoning         Tloc           9%         N/A       12%         3
 Conjure Flame            Conj/Fire      7%         6-21      16%         3
 Mephitic Cloud           Conj/Pois/Air  5%         N/A       19%         3
 Manifold Assault         Tloc           9%         N/A       69%         5


Dungeon Overview and Level Annotations

Branches:
Dungeon (7/15)
 Temple: D:4-7

Altars:

Annotations:
D:4 exclusion: phantom


Innate Abilities, Weirdness & Mutations

Your plain brown scales are hard. (AC +6)
You cannot fit into any form of body armour.
You are cold-blooded and may be slowed by cold attacks.
You do not regenerate when monsters are visible.
Your muscles are very strong. (Str +4)


Message History

* * * LOW HITPOINT WARNING * * *
You are lethally poisoned!
The scorpion poisons you!
Unknown command.
Unknown command.
Unknown command.
Unknown command.
Unknown command.
It was a potion of mutation.
You feel extremely strange.
You feel stronger.
Your regeneration stops near monsters.
You feel stronger.
* * * LOW HITPOINT WARNING * * *
You feel very sick. The scorpion misses you.
It was a potion of flight.
You feel very buoyant.
You fly up into the air.
* * * LOW HITPOINT WARNING * * *
You feel very sick. The scorpion closely misses you.
The wight hits you but does no damage.
Unknown command.
Unknown command.
Unknown command.
Unknown command.
Unknown command.
Unknown command.
Unknown command.
Unknown command.
Unknown command.
Unknown command.
Unknown command.
The scorpion attacks as you move away! The scorpion barely misses you.
Found a stone staircase leading down.
You feel stable enough to blink again.
* * * LOW HITPOINT WARNING * * *
You feel very sick. The scorpion attacks as you move away!
The scorpion closely misses you.
Found a scroll labelled UTOSKOCSA YCOFAM.
* * * LOW HITPOINT WARNING * * *
You feel sick. The scorpion stings you.
You die...

#.........
#.......# ..
####.......#....
#...............
#........#
#......#.#
##......#.# #
####.....).#.##..>?
#........zs@.......
#.........z#....##.
#####......#....#
########....#
...... .......
....... .......


You could see a scorpion and 2 wights.

Vanquished Creatures
  A black bear (D:7)
  A jelly (D:4)
  An orc priest (D:7)
  3 orc wizards (D:7)
  6 adders
  3 dart slugs
  2 orcs
  2 endoplasms (D:2)
  3 giant cockroaches
  8 goblins
  7 hobgoblins
  11 jackals
  3 kobolds
  2 ball pythons (D:2)
  6 bats
  3 frilled lizards
  8 rats
70 creatures vanquished.

Notes
Turn   | Place    | Note
-------+----------+-------------------------------------------
     0 | D:1      | tilp the Draconian Hedge Wizard began the quest for the
                  | Orb.
     0 | D:1      | Reached XP level 1. HP: 14/14 MP: 4/4
     7 | D:1      | Learned a level 1 spell: Slow
   349 | D:1      | Reached XP level 2. HP: 19/22 MP: 0/6
   712 | D:1      | Reached skill level 1 in Fighting
  1072 | D:2      | Reached XP level 3. HP: 16/29 MP: 0/7
  1075 | D:2      | Learned a level 2 spell: Blink
  1783 | D:2      | Reached XP level 4. HP: 36/36 MP: 6/8
  2175 | D:3      | Found a faded altar of an unknown god.
  3063 | D:4      | Noticed a phantom
  3166 | D:4      | Reached skill level 1 in Hexes
  3274 | D:4      | Reached skill level 1 in Throwing
  3274 | D:4      | Reached XP level 5. HP: 42/42 MP: 0/9
  3544 | D:4      | You fall into a shaft and drop 3 floors!
  3545 | D:7      | Noticed a water moccasin
  3571 | D:7      | Noticed a black bear
  3615 | D:7      | Reached skill level 1 in Shields
  3628 | D:7      | Killed a black bear
  3629 | D:7      | Reached XP level 6. HP: 17/51 MP: 10/10
  3946 | D:5      | Entered Level 5 of the Dungeon
  3958 | D:5      | Gained mutation: Your muscles are strong. (Str +2) [potion
                  | of mutation]
  3958 | D:5      | Gained mutation: You do not regenerate when monsters are
                  | visible. [potion of mutation]
  3958 | D:5      | Gained mutation: Your muscles are very strong. (Str +4)
                  | [potion of mutation]
  3961 | D:5      | Slain by a scorpion

Illustrated notes

Levels and vault maps discovered:
D:1:      dpeg_arrival_water_temple_mockup, layout_basic
D:2:      layout_basic
D:3:      layout_rooms, serial_glass, glass_columns_a, glass_columns_c,
          basic_ecumenical_altar, chequers_serial_rivers_micro_b,
          minmay_quadrilaterals
D:4:      minmay_skewed_foursquare, layout_basic
D:5:      layout_rooms, nicolae_overflow_hidden_temple, serial_shops, shop,
          lightli_ossuary_entry_decrepit_ruins
D:6:      layout_loops_corners, minmay_temple_entry_slanted,
          hellmonk_ghost_happy_afterlife, uniq_duvessa
D:7:      cheibrodos_iron_armory, layout_loops_ring

Skill      XL: |  1  2  3  4  5 |
---------------+----------------+-----
Stealth        | 2 |  2.0
Dodging        | 2 |  2.7
Fighting       | 2 3 |  3.0
Conjurations   | 2 3 |  3.0
Hexes          | 1 |  1.6
Throwing       | 1 |  1.6
Shields        | 1 |  1.4
Translocations | 2 |  2.2
Spellcasting   | |  3.0
Summonings     | |  1.0

Action                   |  1- 3 |  4- 6 || total
-------------------------+-------+-------++-------
Melee: Dagger            |    48 |       ||    48
       Tailslap          |     9 |     9 ||    18
       Spear             |    29 |    34 ||    63
       Mace              |       |    98 ||    98
Throw: Stone             |     4 |       ||     4
 Cast: Magic Dart        |    67 |    43 ||   110
       Blink             |       |     2 ||     2
  Use: Scroll            |     3 |     8 ||    11
       Potion            |       |     8 ||     8
 Stab: Sleeping          |     2 |     2 ||     4
Armor: Skin              |    34 |   151 ||   185
Dodge: Dodged            |    70 |   102 ||   172
Block: Buckler           |       |    22 ||    22

Table legend: (Time is in decaauts)
 A = Elapsed time spent in this place.
 B = Non-inter-level travel time spent in this place.
 C = Inter-level travel time spent in this place.
 D = Time resting spent in this place.
 E = Time spent auto-exploring this place.
 F = Levels seen in this place.
 G = Mean time per level.
                   A        B        C        D        E       F      G
               +--------+--------+--------+--------+--------+-----+--------+
         Total |   4009 |   3859 |    150 |    753 |   2364 |   7 |  572.7 |
       Dungeon |   4009 |   3859 |    150 |    753 |   2364 |   7 |  572.7 |
               +--------+--------+--------+--------+--------+-----+--------+

Top non-repeatable levels by time:
     D:2: 1132 daAuts
     D:1: 1044 daAuts
     D:3: 742 daAuts
     D:4: 641 daAuts
     D:6: 272 daAuts
     D:7: 161 daAuts
     D:5: 14 daAuts
